 Dungeon Crawl Stone Soup version 0.25-a0-365-g7600c65aa0 (webtiles) character file.

Game seed: 10978699089217352942, levelgen mode: deterministic

39 Napalmbreeze the Chopper (level 3, -1/31 HPs)
             Began as a Minotaur Gladiator on Jan 5, 2020.
             Killed from afar by Sigmund (10 damage)
             ... with a magic dart
             ... on level 2 of the Dungeon.
             The game lasted 00:03:05 (1507 turns).

Napalmbreeze the Chopper (Minotaur Gladiator)       Turns: 1507, Time: 00:03:06

Health: -1/31      AC:  3    Str: 19    XL:     3   Next: 28%
Magic:  2/2        EV: 13    Int:  5    God:
Gold:   18         SH:  0    Dex: 11    Spells: 2/2 levels left

rFire    . . .     SeeInvis .   a - +0 war axe
rCold    . . .     Gourm    .   (no shield)
rNeg     . . .     Faith    .   b - +0 leather armour
rPois    .         Spirit   .   c - +0 hat
rElec    .         Reflect  .   (no cloak)
rCorr    .         Harm     .   (no gloves)
MR       .....                  (no boots)
Stlth    +.........             (no amulet)
HPRegen  0.10/turn              (no ring)
MPRegen  0.08/turn              (no ring)

@: no status effects
A: retaliatory headbutt, horns 2
a: no special abilities


You were on level 2 of the Dungeon.
You were not hungry.

You visited 1 branch of the dungeon, and saw 2 of its levels.

You collected 18 gold pieces.

Inventory:

Hand Weapons
 a - a +0 war axe (weapon)
Armour
 b - a +0 leather armour (worn)
 c - a +0 hat (worn)
 g - a cursed +0 chain mail
Scrolls
 e - a scroll of identify {unknown}
 j - 2 scrolls of magic mapping {unknown}
Potions
 i - a potion of berserk rage {unknown}
 k - a potion of might {unknown}
Comestibles
 f - 4 rations


   Skills:
 * Level 3.4 Fighting
 + Level 4.0 Axes
 - Level 2.0 Throwing
 + Level 1.3 Armour
 + Level 3.6 Dodging


You had 2 spell levels left.
You didn't know any spells.
Your spell library was empty.

Dungeon Overview and Level Annotations

Branches:
Dungeon (2/15)

Altars:

Annotations:
D:2 Sigmund


Innate Abilities, Weirdness & Mutations

You reflexively headbutt those who attack you in melee.
You have a pair of horns on your head.


Message History

Sigmund casts a spell at you. The magic dart hits you.
You bump into the rock wall.
Sigmund barely misses you.
You bump into the rock wall.
You feel less confused. Sigmund barely misses you.
Sigmund hits you with a +0 scythe.
You see here a throwing net.
You hit Sigmund.
Sigmund is heavily wounded.
You hit Sigmund but do no damage.
Sigmund is heavily wounded.
Sigmund points at you and mumbles some strange words.
You resist with significant effort. Sigmund hits you with a +0 scythe.
* * * LOW HITPOINT WARNING * * *
You slash Sigmund!
Sigmund is severely wounded.
Sigmund casts a spell at you. The magic dart hits you!
You die...

#........#
#...##..#.
#........#
#...#....#
#......@.#
#.........
#........#
#...#...#.
#........#
#...##.##.
####'###....
........ . #.# ##.#
####...###
############.#####.#
#..........#.#.@@# #
#.########.#.#.#.#
#.# #.#.#.#.# #.#
#.#.#.#.# #.#
#.#.#.#.# #.#
#.#.#.#.# #.#
#.#.#.#.#
#.########.#.#.#.#
##.##.......#.#.#.#


You could see Sigmund.

Vanquished Creatures
  2 adders (D:2)
  A dart slug (D:2)
  2 bats (D:2)
  A giant cockroach (D:1)
  3 goblins (D:1)
  2 hobgoblins (D:1)
  4 kobolds (D:1)
  2 ball pythons
  2 frilled lizards (D:1)
  A rat (D:1)
20 creatures vanquished.

Notes
Turn   | Place    | Note
-------+----------+-------------------------------------------
     0 | D:1      | Napalmbreeze the Minotaur Gladiator began the quest for the
                  | Orb.
     0 | D:1      | Reached XP level 1. HP: 18/18 MP: 0/0
   250 | D:1      | Reached XP level 2. HP: 19/25 MP: 1/1
   758 | D:2      | Reached skill level 1 in Armour
  1087 | D:2      | Reached skill level 4 in Axes
  1087 | D:2      | Reached XP level 3. HP: 31/31 MP: 2/2
  1138 | D:2      | Noticed Sigmund
  1179 | D:2      | HP: 1/31 [something/puff of flame (11)]
  1507 | D:2      | Killed from afar by Sigmund

Levels and vault maps discovered:
D:1:      ncdulo_wetmaze, layout_loops_cross
D:2:      layout_basic, hangedman_decor_clover_reticule, uniq_terence,
          uniq_sigmund

Skill      XL: |  1  2 |
---------------+-------+-----
Fighting       | 3 |  3.4
Armour         | 1 |  1.3
Axes           | 4 |  4.0
Throwing       | |  2.0
Dodging        | |  3.6

Action                   || total
-------------------------++-------
Melee: War axe           ||    47
       Headbutt          ||     8
Throw: Throwing net      ||     3
  Use: Potion            ||     2
 Stab: Held in net/web   ||     1
  Eat: Ration            ||     1
Armor: Leather armour    ||    10
Dodge: Dodged            ||    29

Table legend:
 A = Non-vault XP
 B = Vault XP
 C = Vault XP percentage of total XP
 D = Non-vault monster count
 E = Vault monster count
 F = Vault count percentage of total count
                 A         B        C        D         E       F
            +---------+---------+-------+---------+---------+-------
      Total |      57 |       0 |   0.0 |      20 |       0 |   0.0
            +---------+---------+-------+---------+---------+-------
        D:1 |      22 |       0 |   0.0 |      14 |       0 |   0.0
        D:2 |      35 |       0 |   0.0 |       6 |       0 |   0.0
            +---------+---------+-------+---------+---------+-------
